 Dungeon Crawl Stone Soup version 0.27.1-3-gb3d3a73c9e (webtiles) character file.

Game seed: 581501447502912064

50423 Descartes the Spry (level 14, -10/69 HPs)
             Began as a Spriggan Delver on Oct 17, 2021.
             Was an Initiate of Gozag.
             Killed from afar by a war gargoyle (47 damage)
             ... with a spray of metal splinters
             ... on level 11 of the Dungeon.
             The game lasted 01:00:07 (22204 turns).

Descartes the Spry (Spriggan Delver)               Turns: 22204, Time: 01:00:11

Health: -10/69     AC: 11    Str: 15    XL:     14   Next: 19%
Magic:  19/22      EV: 34    Int: 13    God:    Gozag
Gold:   3296       SH:  9    Dex: 19    Spells: 14/23 levels left

rFire    . . .     SeeInvis +   r - +2 dagger (vamp)
rCold    . . .     Faith    .   u - +1 buckler
rNeg     + . .     Spirit   .   L - +2 robe of Melancholy {rPois rN+}
rPois    +         Reflect  .   (helmet restricted)
rElec    .         Harm     .   x - +2 cloak
rCorr    .         Rampage  .   (gloves unavailable)
Will     ++...                  (boots unavailable)
Stlth    ++++++....             n - amulet of the Messenger {Acrobat Fragile rPois Regen+ Str+4}
HPRegen  1.21/turn              o - +4 ring of slaying
MPRegen  0.18/turn              q - +4 ring of protection

@: mighty, very slightly contaminated, studying Dodging, invisible, very quick
A: very small, no large weapons, unfitting armour, see invisible, speed 3, horns
1, agile 1, robust 1, MP-powered wands
a: Renounce Religion, Potion Petition, Call Merchant, Bribe Branch


You were on level 11 of the Dungeon.
You worshipped Gozag.
Gozag was most pleased with you.
You visited 5 branches of the dungeon, and saw 17 of its levels.
You also visited: Bailey.

You collected 5936 gold pieces.
You spent 1636 gold pieces at shops.
You paid 1004 gold pieces to Gozag.

Inventory:

Hand Weapons
 a - a +2 dagger of venom
 b - a +0 hunting sling of flaming
 r - a +2 vampiric dagger (weapon)
 y - a +0 demon blade
 D - a +2 dagger of pain
 I - a +0 shortbow
 N - a +2 short sword of electrocution
Missiles
 i - 534 stones (quivered)
 k - 60 poisoned darts
 m - 365 arrows
 F - a throwing net
 G - 8 curare-tipped darts
 H - 46 boomerangs
 K - 110 sling bullets
Armour
 u - a +1 buckler (worn)
 x - a +2 cloak (worn)
 E - a +0 robe of cold resistance
 L - the +2 robe of Melancholy (worn) {rPois rN+}
   (You bought it in a shop on level 10 of the Dungeon)

   rPois:     It protects you from poison.
   rN:        It protects you from negative energy.
Jewellery
 j - the ring "Ceit" {rC+ MP+9 EV+4 Int-5}
   (You acquired it on level 2 of the Orcish Mines)

   [ring of evasion]

   EV:        It affects your evasion (+4).
   Int:       It affects your intelligence (-5).
   rC:        It protects you from cold.
   MP:        It affects your magic capacity (+9).
 n - the amulet of the Messenger (around neck) {Acrobat Fragile rPois Regen+ Str+4}
   (You bought it in a shop on level 2 of the Orcish Mines)

   [amulet of the acrobat]

   It increases your evasion while moving and waiting.
   Str:       It affects your strength (+4).
   rPois:     It protects you from poison.
   Regen:     It increases your rate of health regeneration.
   Fragile:   It will be destroyed if unequipped.
 o - a +4 ring of slaying (left hand)
 q - a +4 ring of protection (right hand)
 B - a +4 ring of slaying
 R - a ring of resist corrosion
Wands
 g - a wand of paralysis (16)
 v - a wand of polymorph (12)
 A - a wand of mindburst (11)
 J - a wand of acid (3)
Scrolls
 c - 3 scrolls of fog
 d - 4 scrolls of magic mapping
 e - 3 scrolls of fear
 f - 7 scrolls of identify
 l - 2 scrolls of teleportation
 C - 2 scrolls of amnesia
 M - a scroll of summoning
 P - a scroll of enchant armour
 S - a scroll of immolation {unknown}
 T - a scroll of holy word {unknown}
Potions
 p - 2 potions of brilliance
 s - 3 potions of attraction
 t - a potion of curing
 w - 2 potions of haste
 z - a potion of mutation
 Q - a potion of cancellation
Miscellaneous
 h - a tin of tremorstones (2/2)
 O - a box of beasts


   Skills:
 - Level 2.4 Fighting
 - Level 10.0 Short Blades
 - Level 1.3(5.0) Long Blades
 + Level 19.5 Dodging
 - Level 15.9 Stealth
 - Level 7.2 Shields
 - Level 5.0 Spellcasting
 - Level 5.1 Conjurations
 - Level 5.1 Necromancy
 - Level 10.0 Transmutations
 - Level 5.1 Earth Magic
 - Level 5.0 Evocations


You had 14 spell levels left.
You knew the following spells:

 Your Spells              Type           Power      Damage    Failure   Level
a - Petrify               Tmut/Erth      22%        N/A       9%          4
b - Irradiate             Conj/Tmut      11%        3d17      24%         5

Your spell library contained the following spells:

 Spells                   Type           Power      Damage    Failure   Level
 Sublimation of Blood     Necr           8%         N/A       3%          2
 Animate Dead             Necr           8%         N/A       22%         4
 Borgnjor's Vile Clutch   Necr/Erth      8%         N/A       54%         5
 Death Channel            Necr           8%         N/A       98%         6


Dungeon Overview and Level Annotations

Branches:
Dungeon (12/15)            Temple (1/1) D:6            Lair (1/6) D:8
    Orc (2/2) D:9             Elf (1/3) Orc:2        Bailey (visited)

Altars:
Ashenzari
Cheibriados
Dithmenos
Elyvilon
Fedhas
Gozag
Hepliaklqana
Kikubaaqudgha
Makhleb
Nemelex Xobeh
Okawaru
Qazlal
Ru
Sif Muna
Trog
Uskayaw
Vehumet
Wu Jian
Xom
Yredelemnul
Zin
The Shining One
Beogh

Shops:
D:10 *([[   Orc:2 =!*?

Annotations:
Lair:1 exclusion: oklob plant, Joseph
Orc:1 2 transporters, Teryn's ghost, journeyman DsAK


Innate Abilities, Weirdness & Mutations

You are very small and have problems with some larger weapons.
You are too small for most types of armour.
You have supernaturally acute eyesight. (SInv)
You cover ground extremely quickly. (Speed+++)
You have a pair of small horns on your head.
You are agile. (Dex +2)
You are robust. (+10% HP)
You expend magic power (3 MP) to strengthen your wands.


Message History

You are too injured to fight recklessly!
You are too injured to fight recklessly!
You are too injured to fight recklessly!
You are too injured to fight recklessly!
You are too injured to fight recklessly!
You are too injured to fight recklessly!
You are too injured to fight recklessly!
You are too injured to fight recklessly!
You are too injured to fight recklessly!
You are too injured to fight recklessly!
You are too injured to fight recklessly!
You are too injured to fight recklessly!
You are too injured to fight recklessly!
You are too injured to fight recklessly!
You are too injured to fight recklessly!
Unknown command.
Aiming: Paralyse
Press: ? - help, Shift-Dir - straight line, f - war gargoyle
Aim: a war gargoyle, wielding a +0 morningstar (lightly damaged, catching its breath, chance to affect: 8%)
You feel a surge of power!
The war gargoyle resists with almost no effort.
The war gargoyle misses you. [a] - 360 gold - invisibility and might [b] - 580 gold - haste and resistance [c] - 420 gold - haste and brilliance Purchase which effect?
You fade into invisibility!
You feel very mighty all of a sudden. The war gargoyle completely misses you.
You are very lightly contaminated with residual magic.
You hit the war gargoyle.
The war gargoyle is lightly damaged.
The war gargoyle completely misses you.
You hit the war gargoyle but do no damage.
You headbutt the war gargoyle.
The war gargoyle is lightly damaged.
The war gargoyle launches metal splinters at you.
The spray of metal splinters hits you!!!
Ouch! That really hurt!
You die...
Your body crumbles into a pile of gold.

#.###≈≈≈≈≈≈≈≈.≈≈#### #####
#######.####≈≈≈≈≈≈≈≈.# ....###
#........#######≈≈≈≈.#### ...[..#
#...........##..≈≈.≈≈.... ....#.#
#........##.##...≈.≈.....
>...#.###........##.##..≈..≈≈....
....#..##........##..#..≈≈.≈...>.
....##.##...)...9###.'..≈≈≈≈≈....
....##..#.......@# ###..≈≈≈≈.....
....###..........# #..≈≈.≈≈....
##### ###........# ##.≈≈.≈≈####
#........# #.≈≈≈.≈# #######.###
#.≈≈≈.≈# #...# #.≈≈≈.##
###########'### #≈≈≈≈≈≈##
#......)......# #.≈.≈≈≈≈## ###
#.............# #...≈≈≈≈≈#≈


You could see a war gargoyle (catching breath).

Vanquished Creatures
  An orc warlord (D:9)
  Josephine (D:10)
  A centaur warrior (D:10)
  The ghost of Banquo the Carver, a journeyman DjBe of Trog (D:10)
  9 two-headed ogres
  Urug (D:10)
  4 orc high priests
  Sonja (Lair:1)
  2 deep elf zephyrmancers (Elf:1)
  Pikel (D:6)
  3 orc knights
  A manticore (D:12)
  3 deep elf pyromancers
  2 cyclopes
  6 orc sorcerers
  Maurice (Orc:2)
  9 gargoyles
  A cane toad (Lair:1)
  5 kobold demonologists
  2 unseen horrors
  2 komodo dragons
  7 trolls
  6 polar bears (D:10)
  A hornet (D:8)
  Grinder (D:3)
  3 blink frogs (Lair:1)
  A dream sheep (D:10)
  A meliai zombie (D:11)
  29 yaks
  Sigmund (D:3)
  A shadow (D:10)
  5 wraiths (D:10)
  A hog (D:10)
  5 wyverns
  3 basilisks
  Edmund (D:6)
  11 wargs
  2 acid dragons
  6 water moccasins
  41 orc warriors
  2 ice beasts (D:7)
  2 sky beasts (D:6)
  3 necrophages
  6 black bears
  A hornet zombie (D:8)
  4 centaurs
  19 ogres
  3 phantoms
  A lemure (D:6)
  Blork the orc (D:4)
  9 kobold brigands
  3 gnoll sergeants
  6 bullfrogs
  2 scorpions
  A water moccasin skeleton (D:3)
  6 killer bees (D:9)
  4 wights (D:8)
  3 centaur zombies
  2 howler monkeys
  2 hounds
  30 orc priests
  Crazy Yiuf (D:3)
  A bullfrog skeleton (D:7)
  2 iguanas
  A scorpion zombie (D:5)
  20 orc wizards
  A hound zombie (D:5)
  A hound skeleton (D:5)
  A howler monkey zombie (D:9)
  Robin (D:3)
  3 gnolls (D:9)
  9 adders
  An ufetubus (D:5)
  5 dart slugs
  101 orcs
  5 ball pythons
  A bat (D:2)
  8 endoplasms
  4 giant cockroaches
  16 goblins
  4 hobgoblins
  3 jackals (D:4)
  7 quokkas
  3 frilled lizards
  38 kobolds
  7 rats
537 creatures vanquished.

Vanquished Creatures (others)
  A dancing weapon (D:10)
  2 bushes (D:8)
  A fungus (D:8)
  19 plants
23 creatures vanquished.

Grand Total: 560 creatures vanquished

Notes
Turn   | Place    | Note
-------+----------+-------------------------------------------
     0 | D:5      | Descartes the Spriggan Delver began the quest for the Orb.
     0 | D:5      | Reached XP level 1. HP: 11/11 MP: 2/2
    28 | D:5      | Reached skill level 3 in Dodging
    28 | D:5      | Reached XP level 2. HP: 16/16 MP: 3/3
   496 | D:2      | Reached XP level 3. HP: 19/19 MP: 4/4
  1415 | D:1      | Found a faded altar of an unknown god.
  1486 | D:1      | Reached XP level 4. HP: 23/23 MP: 5/5
  1708 | D:3      | Noticed Sigmund
  1735 | D:3      | Killed Sigmund
  1736 | D:3      | Reached skill level 4 in Dodging
  1736 | D:3      | Reached XP level 5. HP: 23/27 MP: 6/6
  1837 | D:3      | Reached XP level 6. HP: 32/32 MP: 7/7
  1859 | D:3      | Noticed Grinder
  1872 | D:3      | Killed Grinder
  1873 | D:3      | Reached skill level 5 in Dodging
  1873 | D:3      | Reached skill level 10 in Stealth
  1935 | D:3      | Reached XP level 7. HP: 35/35 MP: 8/8
  1963 | D:3      | You fall into a shaft and drop 1 floor!
  1963 | D:4      | Noticed Blork the orc
  1981 | D:3      | Noticed Robin
  2002 | D:3      | Killed Robin
  2168 | D:3      | Found a runed translucent door.
  2169 | D:3      | Noticed Crazy Yiuf
  2267 | D:3      | You fall into a shaft and drop 2 floors!
  2313 | D:5      | Reached skill level 1 in Shields
  2436 | D:5      | Reached skill level 5 in Short Blades
  2486 | D:5      | Reached skill level 6 in Dodging
  2786 | D:5      | Reached XP level 8. HP: 39/39 MP: 9/9
  3185 | D:6      | Reached skill level 7 in Dodging
  3282 | D:6      | Found a staircase to the Ecumenical Temple.
  3291 | Temple   | Entered the Ecumenical Temple
  3296 | Temple   | Became a worshipper of Gozag Ym Sagoz the Greedy
  3345 | D:6      | Noticed Edmund
  3347 | D:6      | Killed Edmund
  3366 | D:6      | Found a shimmering altar of Xom.
  3382 | D:6      | Noticed Pikel
  3433 | D:6      | Killed Pikel
  3434 | D:6      | Reached skill level 8 in Dodging
  3434 | D:6      | Reached XP level 9. HP: 10/43 MP: 10/10
  3774 | D:6      | Gained mutation: You are robust. (+10% HP) [potion of
                  | mutation]
  3774 | D:6      | Gained mutation: You expend magic power (3 MP) to
                  | strengthen your wands. [potion of mutation]
  3774 | D:6      | Gained mutation: You have a pair of small horns on your
                  | head. [potion of mutation]
  3774 | D:6      | Gained mutation: You are agile. (Dex +2) [potion of
                  | mutation]
  4289 | D:7      | Reached skill level 9 in Dodging
  4306 | D:7      | Found a flagged portal.
  4322 | Bailey   | Entered a bailey
  4513 | Bailey   | Found an iron altar of Okawaru.
  4802 | Bailey   | Identified a scroll of acquirement
  4802 | Bailey   | Acquired a manual of Dodging
  4861 | D:7      | Learned a level 4 spell: Petrify
  4902 | D:7      | Reached skill level 1 in Transmutations
  4931 | D:7      | Reached skill level 1 in Spellcasting
  5607 | D:8      | Reached skill level 10 in Dodging
  6044 | D:8      | Reached XP level 10. HP: 51/51 MP: 15/15
  6219 | D:8      | Reached skill level 11 in Dodging
  6403 | D:8      | Reached skill level 5 in Shields
  6643 | D:8      | Found a staircase to the Lair.
  6952 | D:7      | Reached skill level 5 in Transmutations
  7156 | D:8      | Found a sacrificial altar of Ru.
  7306 | D:8      | Reached skill level 12 in Dodging
  7306 | D:8      | Reached skill level 5 in Spellcasting
  7722 | D:9      | Acquired 467 gold pieces
  7766 | D:9      | Found a staircase to the Orcish Mines.
  8165 | D:8      | Reached skill level 10 in Short Blades
  8331 | D:8      | Reached XP level 11. HP: 51/56 MP: 19/19
  8530 | D:9      | Identified the +3 hand axe "Madihom" {protect, Str+3 Dex+2}
  8533 | D:9      | You fall into a shaft and drop 1 floor!
  8533 | D:10     | Entered Level 10 of the Dungeon
  8534 | D:10     | Found a huge runed translucent gate.
  8538 | D:10     | Found a huge runed translucent gate.
  8547 | D:10     | Found a huge runed translucent gate.
  8547 | D:10     | Found a huge runed translucent gate.
  8751 | D:9      | Learned a level 5 spell: Irradiate
  9585 | D:9      | Reached skill level 1 in Necromancy
  9598 | D:9      | Found a hide-covered altar of Uskayaw.
  9598 | D:9      | Found an iron altar of Okawaru.
  9605 | D:9      | Found a glowing silver altar of Zin.
 10029 | D:9      | Found a burning altar of Makhleb.
 10032 | D:9      | Found a hazy altar of Hepliaklqana.
 10074 | D:10     | Noticed Josephine
 10074 | D:10     | Noticed a two-headed ogre
 10085 | D:10     | Noticed a two-headed ogre
 10135 | D:10     | Killed Josephine
 10136 | D:10     | Reached skill level 13 in Dodging
 10145 | D:10     | Noticed a centaur warrior
 10198 | D:10     | Killed a centaur warrior
 10199 | D:10     | Reached skill level 14 in Dodging
 10210 | D:10     | Killed a two-headed ogre
 10233 | D:10     | Killed a two-headed ogre
 10259 | D:10     | Reached skill level 15 in Dodging
 10263 | D:10     | Reached skill level 5 in Necromancy
 10347 | D:10     | Noticed a deep elf pyromancer
 10377 | D:10     | Killed a deep elf pyromancer
 10564 | D:10     | Reached skill level 16 in Dodging
 10811 | Orc:1    | Entered Level 1 of the Orcish Mines
 11190 | Orc:1    | Noticed an orc sorcerer
 11208 | Orc:1    | Killed an orc sorcerer
 11209 | Orc:1    | Reached XP level 12. HP: 46/61 MP: 20/20
 11517 | Orc:1    | Reached skill level 17 in Dodging
 11764 | Orc:1    | Noticed a rakshasa
 11774 | Orc:1    | Found a transporter.
 11870 | Orc:1    | Noticed a great orb of eyes
 11877 | Orc:1    | Noticed a hell hog
 11880 | Orc:1    | Noticed Teryn's ghost (journeyman DsAK)
 11893 | Orc:1    | Found a transporter.
 11894 | Orc:1    | Noticed an orc warlord
 11995 | Orc:2    | Entered Level 2 of the Orcish Mines
 12239 | Orc:2    | Reached skill level 18 in Dodging
 12254 | Orc:2    | Noticed a two-headed ogre
 12282 | Orc:1    | Killed a two-headed ogre
 12573 | Orc:2    | Noticed Maurice
 12626 | Orc:2    | Killed Maurice
 12627 | Orc:2    | Reached skill level 1 in Evocations
 12667 | Orc:2    | Identified the +2 robe of the Dice {Harm +Inv Int-4}
 12724 | Orc:2    | Reached skill level 1 in Earth Magic
 12778 | Orc:2    | Noticed an orc high priest
 13095 | Orc:2    | Reached skill level 1 in Long Blades
 13100 | Orc:2    | Noticed a two-headed ogre
 13103 | Orc:2    | Killed a two-headed ogre
 13329 | Orc:2    | Found Gutitz's Magic Scroll Boutique.
 13371 | Orc:2    | Bought a scroll of identify for 28 gold pieces
 13371 | Orc:2    | Bought 3 scrolls of identify for 84 gold pieces
 13524 | Orc:2    | Found Wiedd's General Store.
 14061 | Orc:2    | Found a staircase to the Elven Halls.
 14885 | Orc:1    | Killed an orc high priest
 15127 | Orc:2    | Reached skill level 1 in Conjurations
 15150 | Orc:2    | Noticed an orc high priest
 15159 | Orc:2    | Reached skill level 19 in Dodging
 15159 | Orc:2    | Noticed an orc warlord
 15911 | D:9      | Killed an orc warlord
 15912 | D:9      | Reached skill level 5 in Evocations
 16220 | Orc:2    | Noticed an orc high priest
 16238 | Orc:2    | Killed an orc high priest
 16239 | Orc:2    | Reached XP level 13. HP: 32/64 MP: 21/21
 16930 | Orc:2    | Found Imotog's Distillery.
 17015 | Orc:2    | Found Epoist's Jewellery Shop.
 18051 | Orc:2    | Bought a scroll of acquirement for 728 gold pieces
 18051 | Orc:2    | Acquired the ring "Ceit" {rC+ MP+9 EV+4 Int-5}
 18112 | Orc:2    | Bought the amulet of the Messenger {Acrobat Fragile rPois
                  | Regen+ Str+4} for 660 gold pieces
 18174 | Elf:1    | Entered Level 1 of the Elven Halls
 18198 | Elf:1    | Found a radiant altar of Vehumet.
 18474 | D:4      | Killed Blork the orc
 19232 | D:3      | Killed Crazy Yiuf
 19607 | Lair:1   | Entered Level 1 of the Lair of Beasts
 19642 | Lair:1   | Reached skill level 5 in Earth Magic
 19757 | Lair:1   | Noticed Sonja
 19770 | Lair:1   | Killed Sonja
 19823 | Lair:1   | Identified the +8 demon trident of Catsack {drain, rPois
                  | MP+9}
 19894 | Lair:1   | Noticed Joseph
 20396 | D:10     | Found Hoonenah's Antique Armour Emporium.
 20405 | D:10     | Bought a shimmering robe for 136 gold pieces
 20405 | D:10     | Identified the +2 robe of Melancholy {rPois rN+} (You
                  | bought it in a shop on level 10 of the Dungeon)
 20439 | D:10     | Found Poqutino's Armour Emporium.
 20489 | D:10     | Noticed Urug
 20515 | D:10     | Killed Urug
 20525 | D:10     | Found Bial's Weapon Shop.
 20539 | D:10     | Found Dapofrar's General Store.
 20602 | D:10     | Found a runed translucent door.
 20603 | D:10     | Found a shimmering altar of Xom.
 20603 | D:10     | Noticed Banquo's ghost (journeyman DjBe)
 20708 | D:10     | Found an ornate altar of the Wu Jian Council.
 20938 | D:10     | Reached skill level 15 in Stealth
 21200 | D:10     | Killed Banquo's ghost
 21781 | D:12     | Reached XP level 14. HP: 47/69 MP: 22/22
 21841 | D:12     | Reached skill level 5 in Conjurations
 21925 | D:12     | Reached skill level 10 in Transmutations
 21982 | D:12     | Noticed a war gargoyle
 22204 | D:11     | Killed from afar by a war gargoyle

Illustrated notes

Levels and vault maps discovered:
D:1:      tarquinn_simple_flora_water_d, layout_rooms,
          ebering_ecumenical_altar_rust
D:2:      layout_loops_cross
D:3:      layout_loops_ring, minmay_crystal_water, uniq_sigmund, uniq_robin,
          uniq_crazy_yiuf_cottage, uniq_grinder
D:4:      layout_basic, uniq_blork_the_orc
D:5:      layout_basic, serial_bayou, serial_bayou_ford_a, serial_bayou_pond_b,
          serial_bayou_shore_b, serial_bayou_pond_e
D:6:      layout_gridville, xom_teletrap_fun,
          minmay_temple_entry_drinking_statues, lemuel_flame_loot_1, uniq_pikel,
          uniq_edmund
D:7:      layout_basic, enter_bailey_3
D:8:      layout_loops_cross, lemuel_doored_altar, minmay_lair_entry_grove
D:9:      layout_small_grid, chequers_temple_overflow_minitemple,
          kennysheep_orc_monster_closet_entryway, chequers_garden,
          minmay_fountain_box
D:10:     lemuel_bear_cage, layout_basic, serial_shops, shop,
          nicolae_shop_crystal, shop, kennysheep_little_box, ebering_ghost_xom,
          minmay_crystal_room, minmay_ruined_shrine, uniq_urug, uniq_josephine
D:11:     layout_roguey, chequers_serial_rivers_large_a
D:12:     gargoyle_guard, layout_cross
Temple:   minmay_freezing_vapour_temple
Lair:1:   layout_misc_corridors, minmay_lair_oklob_chamber, uniq_joseph,
          uniq_sonja
Orc:1:    layout_caves, basic_altar, gammafunk_ghost_abyssal_escape
Orc:2:    pubby_orc_utopia, uniq_maurice
Elf:1:    eino_elf_arrival_altar, layout_loops_cross,
          portal_desolation_entry_nicolae_slug, minivault_28,
          amcnicky_mini_pool_small, uniq_agnes

Skill      XL: |  1  2  3  4  5  6  7  8  9 10 11 12 13 14 |
---------------+-------------------------------------------+-----
Dodging        | 3 4 5 6 8 10 12 16 19 | 19.5
Stealth        | 8 9 10 11 12 13 15 | 15.9
Short Blades   | 3 4 5 7 8 10 | 10.0
Shields        | 1 3 4 6 7 |  7.2
Transmutations | 3 5 9 10 | 10.0
Spellcasting   | 3 5 |  5.0
Necromancy     | 5 |  5.1
Evocations     | 5 |  5.0
Earth Magic    | 3 5 |  5.1
Long Blades    | 1 |  1.3
Conjurations   | 1 4 5 |  5.1
Fighting       | |  2.4

Action                   |  1- 3 |  4- 6 |  7- 9 | 10-12 | 13-15 || total
-------------------------+-------+-------+-------+-------+-------++-------
Melee: Short sword       |    93 |    42 |    32 |       |   238 ||   405
       Dagger            |       |       |   262 |  1498 |   661 ||  2421
       Headbutt          |       |       |    18 |   350 |   249 ||   617
       Demon blade       |       |       |       |     7 |       ||     7
 Fire: Hunting sling     |       |       |    23 |       |     3 ||    26
 Cast: Petrify           |       |       |       |       |     1 ||     1
Invok: Potion Petition   |       |       |       |       |     2 ||     2
Evoke: Wand              |       |       |       |     7 |     1 ||     8
  Use: Potion            |       |     1 |     1 |     4 |       ||     6
       Scroll            |       |       |    11 |     3 |     6 ||    20
 Stab: Sleeping          |    20 |    15 |    28 |    28 |    15 ||   106
       Distracted        |       |       |       |    15 |    12 ||    27
Armor: Robe              |     8 |     2 |    33 |    44 |    29 ||   116
Dodge: Dodged            |    61 |    17 |   200 |   683 |   374 ||  1335
Block: Buckler           |       |       |       |   281 |   200 ||   481
       Rpst.: Demon blade |       |       |       |     4 |       ||     4
